 Dungeon Crawl Stone Soup version 0.23-a0-512-g50a8178 (webtiles) character file.

2864 theanonym the Fighter (level 9, -2/77 HPs)
             Began as a Mummy Warper on Dec 4, 2018.
             Was a Follower of Makhleb.
             Slain by a killer bee (7 damage)
             ... on level 6 of the Dungeon.
             The game lasted 00:11:54 (7582 turns).

theanonym the Fighter (Mummy Warper)                Turns: 7582, Time: 00:11:55

Health: -2/77      AC: 11    Str: 17    XL:     9   Next: 47%
Magic:  22/22      EV:  7    Int: 13    God:    Makhleb [*.....]
Gold:   366        SH:  0    Dex: 11    Spells: 13/13 levels left

rFire    x . .     SeeInvis .   k - +0 morningstar
rCold    + . .     Gourm    .   (no shield)
rNeg     + + +     Faith    .   a - +0 chain mail
rPois    ∞         Spirit   .   p - +0 helmet
rElec    .         Reflect  .   h - +0 cloak
rCorr    .         Harm     .   o - +0 pair of gloves
MR       +....                  (no boots)
Stlth    ..........             (no amulet)
HPRegen  0.22/turn              (no ring)
MPRegen  0.18/turn              m - ring of magical power

@: very slightly contaminated
A: no food or potions, fire vulnerability, cold resistance 1, negative energy
resistance 3, torment resistance, unbreathing
a: Renounce Religion


Innate Abilities, Weirdness & Mutations

You do not eat or drink.
Your flesh is vulnerable to fire.
You are immune to poison.
Your flesh is cold resistant. (rC+)
You are immune to negative energy. (rN+++)
You are immune to unholy pain and torment.
You can survive without breathing.


   Skills:
 + Level 9.5 Fighting
 + Level 8.0 Maces & Flails
 - Level 0.7 Throwing
 - Level 0.7 Armour
 - Level 1.5 Dodging
 - Level 2.6 Spellcasting
   Level 2.4 Translocations


You had 13 spell levels left.
You didn't know any spells.
Your spell library contained the following spells:

 Spells                   Type           Power        Failure   Level  Hunger
 Blink                    Tloc           N/A          93%         2    N/A
 Shroud of Golubria       Chrm/Tloc      #.........   98%         2    N/A
 Confusing Touch          Hex            #.....       99%         1    N/A
 Gell's Gravitas          Tloc           #.........   99%         3    N/A
 Lesser Beckoning         Tloc           #.........   99%         3    N/A
 Teleport Other           Tloc           #.......     99%         3    N/A
 Confuse                  Hex            #.......     100%        3    N/A
 Passage of Golubria      Tloc           N/A          100%        4    N/A
 Petrify                  Tmut/Erth      #.......     100%        4    N/A
 Metabolic Englaciation   Hex/Ice        #.........   100%        5    N/A
 Yara's Violent Unravell  Hex/Tmut       #.........   100%        5    N/A

Skill      XL: |  1  2  3  4  5  6  7  8  9 |
---------------+----------------------------+-----
Maces & Flails | 2 3 4 5 7 8 |  8.0
Fighting       | 3 4 5 6 8 9 |  9.5
Throwing       | |  0.7
Armour         | |  0.7
Dodging        | |  1.5
Spellcasting   | |  2.6
Translocations | |  2.4

Action                   |  1- 3 |  4- 6 |  7- 9 || total
-------------------------+-------+-------+-------++-------
Melee: Mace              |    92 |     2 |       ||    94
       Flail             |       |    88 |   137 ||   225
       Morningstar       |       |       |   240 ||   240
Throw: Tomahawk          |       |       |     4 ||     4
Evoke: Wand              |       |    12 |    35 ||    47
  Use: Scroll            |       |     4 |     4 ||     8
 Stab: Betrayed ally     |       |       |     1 ||     1
       Paralysed         |       |       |     1 ||     1
Armor: Ring mail         |    49 |       |       ||    49
       Leather armour    |     2 |       |       ||     2
       Scale mail        |       |    29 |   129 ||   158
       Chain mail        |       |       |   137 ||   137
Dodge: Dodged            |    49 |    56 |   205 ||   310

Inventory:

Hand Weapons
 k - a +0 morningstar (weapon)
   (You took it off a wight on level 4 of the Dungeon)
Missiles
 e - a tomahawk of dispersal (quivered)
Armour
 a - a +0 chain mail (worn)
   (You found it on level 6 of the Dungeon)
 h - a +0 cloak (worn)
   (You found it on level 2 of the Dungeon)
 o - a +0 pair of gloves (worn)
   (You found it on level 6 of the Dungeon)
 p - a +0 helmet (worn)
   (You found it on level 3 of the Dungeon)
Jewellery
 i - an uncursed ring of ice
   (You found it on level 2 of the Dungeon)
 m - a ring of magical power (right hand)
   (You found it on level 4 of the Dungeon)
Wands
 b - a wand of flame (4)
   (You took it off Grinder on level 3 of the Dungeon)
 d - a wand of digging (3)
   (You found it on level 3 of the Dungeon)
Scrolls
 f - a scroll of fog
 g - 2 scrolls of immolation
 l - a scroll of amnesia
 n - 2 scrolls of remove curse
 r - 2 scrolls of identify
 t - 3 scrolls of teleportation {!r}
 y - a scroll of magic mapping
 B - 2 scrolls of blinking


You were on level 6 of the Dungeon.
You worshipped Makhleb.
Makhleb was aware of your devotion.
You were not hungry.

You visited 1 branch of the dungeon, and saw 7 of its levels.

You collected 366 gold pieces.

Dungeon Overview and Level Annotations

Branches:
Dungeon (7/15)             Temple (0/1) D:5

Altars:
Dithmenos
Fedhas
Hepliaklqana
Makhleb
Ru
Xom

....######..#.###.###########
......###.....##..#####.....#
...#......#.####.##.......###
.#.#...###............#####
.#...#.###...........##
................#....#
................#....###########
.####..........§#....#.........#
## ##.#.........@..............#
####.....#......y....#.........#
##.......#.......###.#.........#
##.#.....#.......# #.#.........#
.........###..#..# #...........#
.........# #..#..# ##..........#
####.....###.....# #..........#
...#...........#.## #..........#
##.#..............###.P.P[[....#


You could see a killer bee.

Notes
Turn   | Place    | Note
-------+----------+-------------------------------------------
     0 | D:1      | theanonym the Mummy Warper began the quest for the Orb.
     0 | D:1      | Reached XP level 1. HP: 16/16 MP: 4/4
   243 | D:1      | Reached XP level 2. HP: 22/23 MP: 5/5
   248 | D:1      | Reached skill level 2 in Maces & Flails
   314 | D:1      | Found a sacrificial altar of Ru.
   316 | D:1      | Found a sacrificial altar of Ru.
   316 | D:1      | Found a blossoming altar of Fedhas.
   319 | D:1      | Found a shimmering altar of Xom.
   319 | D:1      | Found a deep blue altar of Sif Muna.
   319 | D:1      | Found a deep blue altar of Sif Muna.
   442 | D:2      | HP: 11/23 [adder (3)]
   681 | D:2      | Reached XP level 3. HP: 27/28 MP: 7/7
   693 | D:2      | Reached skill level 3 in Fighting
   934 | D:2      | Found a burning altar of Makhleb.
   934 | D:2      | Noticed a balrug
   945 | D:2      | Noticed a hellwing
   945 | D:2      | Noticed a neqoxec
   947 | D:2      | Became a worshipper of Makhleb the Destroyer
   975 | D:3      | Noticed Ijyb
   978 | D:3      | HP: 14/29 [Ijyb/wand of flame (15) (15)]
   980 | D:3      | HP: 2/29 [Ijyb/wand of flame (13) (12)]
  1354 | D:3      | Noticed Jessica
  1360 | D:3      | Killed Jessica
  1360 | D:3      | Reached XP level 4. HP: 34/35 MP: 8/8
  1498 | D:3      | Noticed Grinder
  1505 | D:3      | HP: 16/35 [Grinder (3)]
  1507 | D:3      | Killed Grinder
  1507 | D:3      | Reached skill level 4 in Fighting
  1507 | D:3      | Reached skill level 3 in Maces & Flails
  1507 | D:3      | Reached XP level 5. HP: 20/43 MP: 9/9
  1698 | D:3      | Reached XP level 6. HP: 49/49 MP: 10/10
  1949 | D:3      | Reached skill level 4 in Maces & Flails
  1955 | D:3      | Found a sacrificial altar of Ru.
  2005 | D:3      | HP: 17/50 [orc priest/divine providence (10)]
  2006 | D:3      | Reached skill level 5 in Fighting
  2400 | D:3      | Killed Ijyb
  2667 | D:4      | Noticed Sigmund
  2673 | D:4      | Killed Sigmund
  2673 | D:4      | Reached XP level 7. HP: 56/56 MP: 11/11
  2875 | D:4      | Noticed a hungry ghost
  2911 | D:4      | Killed a hungry ghost
  2911 | D:4      | Reached skill level 6 in Fighting
  2911 | D:4      | Reached skill level 5 in Maces & Flails
  2967 | D:4      | HP: 28/58 [worker ant (4)]
  2972 | D:4      | HP: 20/58 [worker ant (3)]
  2977 | D:4      | HP: 13/58 [worker ant (2)]
  2979 | D:4      | HP: 4/58 [phantom (5)]
  3426 | D:4      | Reached * piety under Makhleb
  3733 | D:4      | Found a hazy altar of Hepliaklqana.
  3733 | D:4      | Found a shadowy altar of Dithmenos.
  4092 | D:5      | Entered Level 5 of the Dungeon
  4176 | D:4      | Reached XP level 8. HP: 42/65 MP: 12/12
  4501 | D:5      | Reached skill level 7 in Fighting
  4717 | D:5      | Found a shadowy altar of Dithmenos.
  4733 | D:5      | Found a staircase to the Ecumenical Temple.
  5059 | D:6      | Found a blossoming altar of Fedhas.
  5059 | D:6      | Noticed a two-headed ogre
  5067 | D:5      | HP: 32/67 [wight/+5 short sword (3)]
  5070 | D:5      | HP: 15/67 [two-headed ogre/+0 giant club (11)]
  5081 | D:5      | HP: 10/67 [wight/+5 short sword (7)]
  5162 | D:4      | HP: 23/67 [wight/+5 short sword (3)]
  5165 | D:4      | Reached skill level 6 in Maces & Flails
  5664 | D:5      | Found a staircase to the Ecumenical Temple.
  5754 | D:5      | HP: 25/67 [two-headed ogre/+0 giant club (17)]
  5756 | D:5      | Killed a two-headed ogre
  5756 | D:5      | Reached skill level 8 in Fighting
  5756 | D:5      | Reached skill level 7 in Maces & Flails
  5756 | D:5      | Reached XP level 9. HP: 17/75 MP: 13/13
  6051 | D:6      | Paralysed by an orc for 4 turns
  6303 | D:6      | Reached skill level 9 in Fighting
  6868 | D:6      | HP: 36/76 [acid (7)]
  7554 | D:7      | HP: 35/77 [killer bee (7)]
  7559 | D:7      | HP: 31/77 [killer bee (3)]
  7566 | D:7      | HP: 20/77 [killer bee (2)]
  7572 | D:7      | HP: 6/77 [killer bee (6)]
  7573 | D:7      | Reached skill level 8 in Maces & Flails
  7579 | D:7      | HP: 4/77 [killer bee (3)]
  7582 | D:6      | Slain by a killer bee

Vanquished Creatures
  A two-headed ogre (D:5)
  Grinder (D:3)
  Sigmund (D:4)
  2 hungry ghosts
  An ice beast (D:6)
  A phantom (D:4)
  2 ogres
  A bullfrog (D:6)
  A scorpion (D:6)
  A water moccasin skeleton (D:6)
  3 killer bees (D:7)
  6 wights
  A howler monkey (D:4)
  2 crimson imps
  4 hounds
  4 orc priests
  2 jellies
  2 orc wizards (D:6)
  Ijyb (D:3)
  Jessica (D:3)
  5 worker ants
  4 adders
  A shadow imp (D:7)
  2 adder skeletons
  2 adder zombies (D:6)
  4 worms
  4 leopard geckos
  17 orcs
  6 goblins
  5 hobgoblins
  4 quokkas
  A ball python (D:1)
  7 bats
  2 frilled lizards
  A jackal zombie (D:5)
  3 kobolds
  8 rats
114 creatures vanquished.

Vanquished Creatures (collateral kills)
  A crimson imp (D:5)
1 creature vanquished.

Grand Total: 115 creatures vanquished

Table legend:
 A = Turns spent in this place as a percentage of turns spent in the entire game.
 B = Non-inter-level travel turns spent in this place as a percentage of non-inter-level travel turns spent in the entire game.
 C = Inter-level travel turns spent in this place as a percentage of turns spent in this place.
 D = Turns resting spent in this place as a percentage of non-inter-level travel turns spent in this place.
 E = Turns spent auto-exploring this place as a percentage of non-inter-level travel turns spent in this place.
 F = Non-inter-level travel turns spent in this place divided by the number of levels of this place that you've seen.
                   A       B       C       D       E      F
               +-------+-------+-------+-------+-------+----------------------
         Total | 100.0 | 100.0 |   4.1 |  38.3 |  45.4 | 1039.0
       Dungeon | 100.0 | 100.0 |   4.1 |  38.3 |  45.4 | 1039.0
               +-------+-------+-------+-------+-------+----------------------
